 Dungeon Crawl Stone Soup version 0.20.0-15-g7f486f2 (webtiles) character file.

153024 panicbit the Severer (level 17, -21/160 HPs)
             Began as a Minotaur Fighter on July 1, 2017.
             Was the Champion of Okawaru.
             Blown up by an orb spider (48 damage)
             ... with an orb of destruction
             ... on level 4 of the Spider Nest on July 2, 2017.
             The game lasted 02:04:53 (30722 turns).

panicbit the Severer (Minotaur Fighter)            Turns: 30722, Time: 02:04:54

Health: -21/160    AC: 39    Str: 25    XL:     17   Next: 4%
Magic:  19/19      EV:  9    Int:  5    God:    Okawaru [******]
Gold:   898        SH: 16    Dex: 10    Spells: 16/16 levels left

rFire    + . .     SeeInvis .   d - +3 broad axe (flame)
rCold    x . .     Gourm    +   Q - +1 shield of Happiness {MR+ Regen+ Dex-3}
rNeg     . . .     Faith    .   M - +15 Maxwell's patent armour {-Cast -Tele rElec MR+ rCorr}
rPois    +         Spirit   .   G - +0 hat
rElec    +         Reflect  .   o - +0 cloak
rCorr    +         Harm     .   V - +0 pair of gloves
MR       +++..     NoTele   +   N - +2 pair of boots Stlth ..........NoCast +
                                u - amulet of the gourmand
Regen    0.8/turn               k - ring of fire
MPRegen  0.2/turn               c - ring of poison resistance

@: berserk cooldown
A: retaliatory headbutt, horns 2
a: Heroism, Finesse, Renounce Religion


You were on level 4 of the Spider Nest.
You worshipped Okawaru.
Okawaru was exalted by your worship.
You were very full.

You visited 4 branches of the dungeon, and saw 26 of its levels.
You also visited: Labyrinth.

You collected 2242 gold pieces.
You spent 1344 gold pieces at shops.

Inventory:

Hand Weapons
 d - a +3 broad axe of flaming (weapon)
 S - a +3 war axe of freezing
Armour
 l - a +0 pair of boots of running
 o - a +0 cloak (worn)
 G - a +0 hat (worn)
 K - a +0 shield
 M - the +15 Maxwell's patent armour (worn) {-Cast -Tele rElec MR+ rCorr}
   (You found it on level 13 of the Dungeon)

   It insulates you from electricity.
   It affects your resistance to hostile enchantments.
   It prevents spellcasting.
   It prevents most forms of teleportation.
   It protects you from acid and corrosion.
 N - a +2 pair of boots (worn)
 Q - the +1 shield of Happiness (worn) {MR+ Regen+ Dex-3}
   (Okawaru gifted it to you on level 3 of the Spider Nest)

   It affects your dexterity (-3).
   It affects your resistance to hostile enchantments.
   It increases your rate of regeneration.
 V - a +0 pair of gloves (worn)
 Y - a scarf of cloud immunity
Jewellery
 c - a ring of poison resistance (right hand)
 k - a ring of fire (left hand)
 u - an amulet of the gourmand (around neck)
 F - a cursed amulet of inaccuracy {unknown}
 I - a +3 ring of intelligence
 L - an uncursed ring of ice
 P - the amulet of Ymisecuo {Inacc rElec rN+ Int-2}
   (You found it on level 14 of the Dungeon)

   [amulet of inaccuracy]

   It reduces the accuracy of all your attacks.
   It affects your intelligence (-2).
   It insulates you from electricity.
   It protects you from negative energy.
 T - an uncursed ring of fire
 W - an uncursed ring of flight
Wands
 A - a wand of confusion (32/48)
 B - a wand of random effects (19/48)
 Z - a wand of enslavement (15/24)
Scrolls
 b - 20 scrolls of remove curse
 j - 6 scrolls of blinking
 q - 6 scrolls of fog
 t - a scroll of silence
 v - 5 scrolls of amnesia
 x - 10 scrolls of magic mapping
 y - a scroll of summoning {unknown}
 z - 9 scrolls of fear
 C - 18 scrolls of teleportation
 X - 6 scrolls of identify
Potions
 a - 2 potions of magic {unknown}
 e - 6 potions of brilliance
 h - 5 potions of mutation
 n - 5 potions of lignification
 p - 2 potions of cancellation
 r - 5 potions of haste
 s - 5 potions of flight
 D - 4 potions of resistance
 E - a potion of ambrosia {unknown}
 H - a potion of invisibility {unknown}
 J - a potion of berserk rage
 O - 13 potions of curing
Comestibles
 f - 12 bread rations
 g - 5 fruits
 m - 12 royal jellies
 w - 20 meat rations
 U - 2 chunks of flesh


   Skills:
 + Level 16.7 Fighting
 + Level 19.8(19.9) Axes
   Level 4.4(14.0) Maces & Flails
 + Level 15.5 Armour
 + Level 4.5 Dodging
 + Level 1.9 Stealth
 + Level 17.6 Shields
 + Level 0.9 Unarmed Combat
 + Level 4.0 Invocations


You had 16 spell levels left.
You didn't know any spells.

Dungeon Overview and Level Annotations

Branches:
Dungeon (15/15)            Temple (1/1) D:5            Lair (6/6) D:9
  Swamp (0/4) Lair:2       Spider (4/4) Lair:3        Slime (0/5) Lair:5
    Orc (0/2) D:10         Vaults (0/5) D:13         Depths (0/5) D:15

Altars:
Ashenzari
Cheibriados
Dithmenos
Elyvilon
Fedhas
Gozag
Hepliaklqana
Kikubaaqudgha
Makhleb
Nemelex Xobeh
Okawaru
Qazlal
Ru
Sif Muna
Trog
Uskayaw
Vehumet
Xom
Yredelemnul
Zin
The Shining One
Jiyva

Shops:
D:7 ?   D:9 %   D:11 !   D:12 [   D:15 *


Innate Abilities, Weirdness & Mutations

You reflexively headbutt those who attack you in melee.
You have a pair of horns on your head.


Message History

The orb of destruction hits you!
You hear an angry buzzing noise.
You hear an angry hiss. x11
The orb spider begins to weave its threads into a brightly glowing ball.
The orb spider spins a strand of pure energy.
You see here a jumping spider corpse.
The orb spider weaves a glowing orb of energy.
An orb of destruction comes into view.
You feel a little less mighty now.
The orb of destruction hits the orb spider.
The orb spider is blown up!
You are caught in the web!
The orb spider pulsates with a strange energy.
There is a web, spattered with blood here.
You disentangle yourself.
You feel yourself speed up.
The orb spider weaves a glowing orb of energy. x2 2 orbs of destruction come into view.
The orb of destruction hits a rock wall.
The orb of destruction hits you!
You die...

###### ###....###. ##.#.......%
##s.......... ##.††)†.......
#%†.)†).#..... ^
####################§...†#≈$.#^#.
..#^......^......@§§§§ss##.........
..#.####################≈##......#.
.##.# #####....# ..#.# #..... ..#.#
≈.... ..R^# .≈#.. ....# # ....#
....#


You could see 2 orb spiders.

Vanquished Creatures
  Mara (Spider:4)
  Bai Suzhen (Spider:4)
  Rupert (D:13)
  The ghost of Paps the Severer, an adept MiFi of Okawaru (Spider:3)
  Agnes (Spider:2)
  Kirke (Lair:5)
  4 emperor scorpions
  A frost giant (D:15)
  Louise (Spider:4)
  An entropy weaver (Spider:4)
  Nessos (Lair:6)
  An ettin (D:12)
  A yaktaur captain (D:12)
  Erolcha (D:13)
  A minotaur (Lab)
  A catoblepas (Lair:6)
  8 hydras
  An ogre mage (D:15)
  A death knight (D:13)
  3 centaur warriors
  11 two-headed ogres
  4 death yaks
  A wizard (D:14)
  A fire crab (shapeshifter) (D:14)
  A phantasmal warrior (D:13)
  A deep elf mage (D:14)
  2 orc knights (D:15)
  24 wolf spiders
  A necromancer (D:13)
  8 orb spiders
  An oklob plant (Lair:1)
  10 ugly things
  3 manticores
  6 elephants (Lair:5)
  5 cyclopes
  A moth of wrath (Spider:2)
  7 centaur zombies
  14 black mambas
  A guardian serpent (Lair:6)
  Psyche (D:8)
  3 gargoyles
  7 centaur skeletons
  18 spiny frogs
  2 kobold demonologists
  2 torpor snails (Lair:2)
  6 demonic crawlers
  8 komodo dragons
  A rime drake (Lair:1)
  A freezing wraith (D:13)
  2 hellwings (D:7)
  A yaktaur (D:15)
  26 jumping spiders
  3 trolls
  A wolf spider simulacrum (D:15)
  3 hornets
  3 meliai (D:14)
  A merfolk (D:9)
  10 polar bears
  2 raiju (Lair:6)
  11 hippogriffs
  The ghost of KleinerIrrer the Sneak, an amateur OpFi (D:3)
  4 slime creatures (D:15)
  30 blink frogs
  11 dream sheep (Lair:6)
  23 tarantellas
  44 redbacks
  Sigmund (D:5)
  13 wyverns
  3 wraiths
  A shadow (D:13)
  32 yaks
  3 basilisks
  5 hogs (Lair:5)
  Eustachio (D:6)
  2 hungry ghosts
  10 vampire mosquitoes
  10 wargs
  A soldier ant (D:15)
  21 water moccasins
  An acid dragon (D:13)
  15 hell hounds (Lair:6)
  7 porcupines
  3 sky beasts
  3 ice beasts
  6 orc warriors
  12 black bears
  7 ogres
  2 phantoms
  2 necrophages
  19 centaurs
  34 wolves
  16 crocodiles
  7 big kobolds
  16 bullfrogs
  An earth elemental (Lab)
  5 scorpions
  6 killer bees (D:12)
  18 wights
  7 howler monkeys
  An electric eel (Lair:3)
  9 crimson imps
  5 hounds
  8 jellies
  6 bullfrog skeletons
  6 orc priests
  4 orc wizards
  Crazy Yiuf (D:2)
  3 iguanas
  8 worker ants
  A hound zombie (D:5)
  Robin (D:2)
  A worker ant zombie (D:6)
  15 adders
  16 gnolls
  14 shadow imps
  14 white imps
  An ooze (D:4)
  An adder zombie (D:8)
  3 dart slugs
  A worm (D:5)
  3 leopard geckos
  32 orcs
  4 giant cockroaches
  18 goblins
  8 hobgoblins
  12 jackals
  21 kobolds
  6 quokkas
  A ball python (D:2)
  9 bats
  8 frilled lizards
  A quokka zombie (D:5)
  8 rats
  A bush (Lair:1)
  3 fungi
  8 plants
911 creatures vanquished.

Vanquished Creatures (others)
  2 orb spiders
  A jumping spider (Spider:2)
  2 redbacks
  22 fungi
  39 plants
66 creatures vanquished.

Grand Total: 977 creatures vanquished

Notes
Turn   | Place    | Note
-------+----------+-------------------------------------------
     0 | D:1      | panicbit the Minotaur Fighter began the quest for the Orb.
     0 | D:1      | Reached XP level 1. HP: 19/19 MP: 0/0
   138 | D:1      | Reached XP level 2. HP: 21/26 MP: 1/1
   769 | D:2      | Reached skill level 3 in Axes
   769 | D:2      | Reached XP level 3. HP: 31/33 MP: 2/2
   783 | D:2      | Found a shadowy altar of Dithmenos.
  1016 | D:2      | Noticed Robin
  1021 | D:2      | Killed Robin
  1021 | D:2      | Reached XP level 4. HP: 39/40 MP: 3/3
  1213 | D:2      | Found a runed door.
  1282 | D:2      | Reached skill level 4 in Axes
  1406 | D:2      | Noticed Crazy Yiuf
  1409 | D:2      | Killed Crazy Yiuf
  1409 | D:2      | Reached skill level 1 in Dodging
  1472 | D:3      | Reached XP level 5. HP: 46/46 MP: 4/4
  1536 | D:3      | Noticed KleinerIrrer's ghost (amateur OpFi)
  1754 | D:3      | Killed KleinerIrrer's ghost
  1754 | D:3      | Reached skill level 6 in Axes
  1754 | D:3      | Reached skill level 5 in Shields
  1754 | D:3      | Reached XP level 6. HP: 48/52 MP: 5/5
  1868 | D:3      | Reached skill level 5 in Armour
  2345 | D:4      | Reached XP level 7. HP: 49/60 MP: 6/6
  2789 | D:5      | Entered Level 5 of the Dungeon
  2886 | D:5      | Reached skill level 7 in Axes
  3069 | D:5      | Reached skill level 5 in Fighting
  3581 | D:5      | Found a staircase to the Ecumenical Temple.
  3588 | Temple   | Entered the Ecumenical Temple
  3979 | D:5      | Noticed Sigmund
  3984 | D:5      | Killed Sigmund
  3984 | D:5      | Reached XP level 8. HP: 68/68 MP: 7/7
  4194 | D:6      | Found a white marble altar of Elyvilon.
  4295 | D:6      | Reached skill level 8 in Axes
  4705 | D:6      | Noticed Eustachio
  4737 | D:6      | Killed Eustachio
  5094 | D:6      | Reached skill level 9 in Axes
  5337 | D:7      | Reached XP level 9. HP: 48/75 MP: 8/8
  5518 | D:7      | Found Xioch's Magic Scroll Shop.
  5526 | D:7      | Bought a scroll of fear for 52 gold pieces
  5526 | D:7      | Bought a scroll of remove curse for 45 gold pieces
  5526 | D:7      | Bought a scroll of teleportation for 45 gold pieces
  5526 | D:7      | Bought a scroll of identify for 30 gold pieces
  5526 | D:7      | Bought a scroll of identify for 30 gold pieces
  5526 | D:7      | Bought a scroll of fear for 52 gold pieces
  5526 | D:7      | Bought a scroll of identify for 30 gold pieces
  5526 | D:7      | Bought a scroll of teleportation for 45 gold pieces
  5526 | D:7      | Bought a scroll of identify for 30 gold pieces
  5600 | D:7      | Reached skill level 10 in Axes
  5607 | D:7      | Noticed a hellwing
  5609 | D:7      | Noticed a hellwing
  6223 | D:8      | Noticed a two-headed ogre
  6233 | D:8      | Killed a two-headed ogre
  6233 | D:8      | Reached skill level 11 in Axes
  6407 | D:8      | Noticed Psyche
  6726 | D:7      | Reached XP level 10. HP: 82/86 MP: 9/9
  6758 | D:7      | HP: 3/86 [hellwing (10)]
  6759 | D:7      | Reached skill level 12 in Axes
  7530 | D:8      | Found a shattered altar of Ashenzari.
  7751 | D:8      | Killed Psyche
  7753 | D:8      | Reached skill level 13 in Axes
  8034 | D:8      | Reached skill level 10 in Shields
  8171 | D:9      | Found a staircase to the Lair.
  8190 | D:9      | Noticed a two-headed ogre
  8208 | D:9      | Killed a two-headed ogre
  8208 | D:9      | Reached XP level 11. HP: 40/95 MP: 10/10
  8438 | D:9      | Noticed a two-headed ogre
  8453 | Lair:1   | Entered Level 1 of the Lair of Beasts
  8739 | Lair:1   | Noticed an oklob plant
  8963 | Lair:1   | Reached skill level 10 in Armour
  9770 | Lair:1   | Killed an oklob plant
 10111 | D:9      | Killed a two-headed ogre
 10111 | D:9      | Reached skill level 14 in Axes
 10111 | D:9      | Reached skill level 1 in Stealth
 10230 | D:9      | Found Rurops's Food Emporium.
 10422 | D:9      | Found a sacrificial altar of Ru.
 10422 | D:9      | Found an iron altar of Okawaru.
 10428 | D:9      | Became a worshipper of Warmaster Okawaru
 10514 | D:10     | Entered Level 10 of the Dungeon
 10779 | D:10     | Noticed a two-headed ogre
 10787 | D:10     | Killed a two-headed ogre
 11023 | D:10     | Found a staircase to the Orcish Mines.
 11059 | D:10     | Reached * piety under Okawaru
 11530 | Lair:2   | Found a staircase to the Swamp.
 11553 | Lair:2   | Reached skill level 10 in Fighting
 11645 | Lair:2   | Noticed a seven-headed hydra
 11663 | Lair:2   | Killed a seven-headed hydra
 11663 | Lair:2   | Reached ** piety under Okawaru
 11663 | Lair:2   | Reached skill level 1 in Maces & Flails
 11663 | Lair:2   | Reached XP level 12. HP: 41/106 MP: 8/11
 12537 | Lair:2   | Noticed a death yak
 12562 | Lair:2   | Killed a death yak
 12567 | Lair:2   | Reached *** piety under Okawaru
 12958 | Lair:2   | Reached skill level 15 in Axes
 13494 | Lair:3   | Noticed a seven-headed hydra
 13504 | Lair:2   | Killed a seven-headed hydra
 13504 | Lair:2   | Reached **** piety under Okawaru
 14527 | Lair:3   | Noticed a death yak
 14527 | Lair:3   | Noticed a death yak
 14527 | Lair:3   | Noticed a death yak
 14537 | Lair:3   | Killed a death yak
 14541 | Lair:3   | Killed a death yak
 14541 | Lair:3   | Reached ***** piety under Okawaru
 14546 | Lair:3   | Killed a death yak
 14546 | Lair:3   | Reached XP level 13. HP: 84/116 MP: 10/12
 14678 | Lair:3   | Reached skill level 1 in Invocations
 14686 | Lair:3   | Received a gift from Okawaru
 14917 | Lair:3   | Found a hole to the Spider Nest.
 15351 | Lair:4   | Found a frozen archway.
 15450 | Lair:4   | Found a labyrinth entrance.
 15466 | Lab      | Entered a labyrinth
 15570 | Lab      | Noticed a minotaur
 15582 | Lab      | Killed a minotaur
 15724 | Lair:4   | Reached skill level 16 in Axes
 16760 | Lair:5   | Received a gift from Okawaru
 17226 | Lair:5   | Found a staircase to the Slime Pits.
 17231 | Lair:5   | Found a viscous altar of Jiyva.
 17249 | Lair:5   | Noticed Kirke
 17718 | Lair:5   | Killed Kirke
 18000 | Lair:6   | Entered Level 6 of the Lair of Beasts
 18076 | Lair:6   | Noticed Nessos
 18541 | Lair:6   | Killed Nessos
 18832 | Lair:6   | Reached XP level 14. HP: 121/127 MP: 14/14
 19954 | Lair:6   | Received a gift from Okawaru
 20695 | Lair:6   | Reached skill level 17 in Axes
 21226 | Lair:6   | Reached skill level 15 in Shields
 21683 | Lair:6   | Identified a scroll of acquirement
 21700 | Lair:6   | Identified a +0 pair of boots of running (You acquired it on level 6 of the Lair of Beasts)
 22672 | D:11     | Reached ****** piety under Okawaru
 22728 | D:11     | Found Avoefix's Distillery.
 22748 | D:11     | Bought 2 potions of resistance for 280 gold pieces
 22748 | D:11     | Bought a potion of haste for 140 gold pieces
 22748 | D:11     | Bought a potion of flight for 42 gold pieces
 22748 | D:11     | Bought a potion of curing for 42 gold pieces
 22957 | D:11     | Found Yjoatsi's Island Escapes.
 23088 | D:11     | Bought a scroll of blinking for 82 gold pieces
 23088 | D:11     | Bought a scroll of blinking for 82 gold pieces
 23088 | D:11     | Bought a scroll of fog for 22 gold pieces
 23088 | D:11     | Bought a scroll of teleportation for 33 gold pieces
 23088 | D:11     | Bought a scroll of blinking for 82 gold pieces
 23088 | D:11     | Bought a scroll of teleportation for 33 gold pieces
 23088 | D:11     | Bought a scroll of fog for 22 gold pieces
 23241 | D:12     | Found Obokleor's Armour Boutique.
 23331 | D:12     | Found a transporter.
 23364 | D:12     | Found a transporter.
 23411 | D:12     | Received a gift from Okawaru
 23413 | D:12     | Reached XP level 15. HP: 67/137 MP: 12/15
 23414 | D:12     | Got a translucent hat {god gift}
 23444 | D:12     | Identified the -4 hat of the Trees {rF+ Int+4 Dex-5 Stlth+} (Okawaru gifted it to you on level 12 of the Dungeon)
 24351 | D:13     | Found a gate to the Vaults.
 24372 | D:13     | Noticed Rupert
 24383 | D:13     | Killed Rupert
 24383 | D:13     | Reached skill level 18 in Axes
 24581 | D:13     | Noticed Erolcha
 24589 | D:13     | Killed Erolcha
 24775 | D:14     | Got a brightly glowing ivory amulet
 24777 | D:14     | Identified the amulet of Ymisecuo {Inacc rElec rN+ Int-2} (You found it on level 14 of the Dungeon)
 25614 | D:15     | Entered Level 15 of the Dungeon
 25785 | D:15     | Received a gift from Okawaru
 26036 | D:15     | Found Duihin Uzunn's Assorted Antiques.
 26054 | D:15     | Bought a scroll of identify for 50 gold pieces
 26054 | D:15     | Bought a scroll of remove curse for 75 gold pieces
 26077 | D:15     | Reached skill level 15 in Fighting
 26443 | D:15     | Noticed a frost giant
 26454 | D:15     | Killed a frost giant
 26916 | D:15     | Found a staircase to the Depths.
 27235 | D:15     | Received a gift from Okawaru
 27535 | Spider:1 | Entered Level 1 of the Spider Nest
 27553 | Spider:1 | Reached XP level 16. HP: 129/149 MP: 17/17
 27595 | Spider:1 | Reached skill level 19 in Axes
 28358 | Spider:2 | Noticed Agnes
 28367 | Spider:2 | Killed Agnes
 28873 | Spider:2 | Reached skill level 15 in Armour
 29727 | Spider:3 | Received a gift from Okawaru
 29728 | Spider:3 | Got a faintly glowing shield {god gift}
 29739 | Spider:3 | Identified the +1 shield of Happiness {MR+ Regen+ Dex-3} (Okawaru gifted it to you on level 3 of the Spider Nest)
 30027 | Spider:3 | Noticed Paps's ghost (adept MiFi)
 30057 | Spider:3 | Killed Paps's ghost
 30193 | Spider:4 | Entered Level 4 of the Spider Nest
 30193 | Spider:4 | Noticed Louise
 30226 | Spider:4 | Killed Louise
 30515 | Spider:4 | Noticed Mara
 30561 | Spider:4 | Noticed panicbit's illusion
 30622 | Spider:4 | Noticed panicbit's illusion
 30634 | Spider:4 | Noticed panicbit's illusion
 30670 | Spider:4 | Noticed Bai Suzhen
 30683 | Spider:4 | Killed Mara
 30693 | Spider:4 | Killed Bai Suzhen
 30693 | Spider:4 | Received a gift from Okawaru
 30693 | Spider:4 | Reached XP level 17. HP: 47/160 MP: 17/19
 30722 | Spider:4 | Blown up by an orb spider

Skill      XL: |  1  2  3  4  5  6  7  8  9 10 11 12 13 14 15 16 |
---------------+-------------------------------------------------+-----
Armour         | 4 5 6 7 8 9 10 12 13 14 15 | 15.5
Axes           | 3 4 6 7 9 11 13 14 15 16 17 18 19 | 19.8
Shields        | 4 5 6 7 8 10 11 12 13 15 16 17 | 17.6
Fighting       | 4 5 6 7 8 10 11 12 13 15 16 | 16.7
Dodging        | 1 2 3 4 |  4.5
Stealth        | 1 |  1.9
Maces & Flails | 1 3 4 |  4.4
Invocations    | 1 2 3 4 |  4.0
Unarmed Combat | |  0.9

Action                   |  1- 3 |  4- 6 |  7- 9 | 10-12 | 13-15 | 16-18 || total
-------------------------+-------+-------+-------+-------+-------+-------++-------
Melee: War axe           |    83 |   151 |   309 |   690 |   552 |       ||  1785
       Headbutt          |    12 |    22 |    65 |   168 |   296 |   134 ||   697
       Morningstar       |       |       |       |    15 |       |       ||    15
       Flail             |       |       |       |       |    25 |       ||    25
       Unarmed           |       |       |       |       |     4 |       ||     4
       Broad axe         |       |       |       |       |   729 |   510 ||  1239
Invok: Heroism           |       |       |       |     5 |    18 |     8 ||    31
       Finesse           |       |       |       |       |     5 |     3 ||     8
  Use: Scroll            |     2 |     1 |    10 |     9 |    13 |       ||    35
       Potion            |       |       |     1 |     4 |     5 |     6 ||    16
 Stab: Held in net/web   |       |       |       |       |       |     1 ||     1
  Eat: Chunk             |       |    18 |    26 |    26 |    43 |     9 ||   122
       Fruit             |       |       |       |       |    10 |     1 ||    11
Armor: Scale mail        |    33 |       |       |       |       |       ||    33
       Chain mail        |     4 |    68 |    49 |       |       |       ||   121
       Plate armour      |       |       |   111 |   367 |   474 |   321 ||  1273
Dodge: Dodged            |    24 |    26 |    65 |   206 |   327 |   164 ||   812
Block: Shield            |    35 |    93 |   163 |   424 |   758 |   377 ||  1850
